 Dungeon Crawl Stone Soup version 0.27.1 (console) character file.

Game seed: 9055368222195662947

4510 om the Nimble (level 10, -1/86 HPs)
             Began as a Djinni Transmuter on Sept 3, 2021.
             Was a Follower of Makhleb.
             Engulfed by a steam dragon's steam (10 damage)
             ... on level 8 of the Dungeon.
             The game lasted 00:23:45 (10831 turns).

om the Nimble (Djinni Transmuter)                  Turns: 10831, Time: 00:23:45

Health: -1/86      AC:  8    Str: 11    XL:     10   Next: 65%
Gold:   435        EV: 22    Int: 16    God:    Makhleb [*.....] SH:  0 Dex: 14

rFire    x . .     SeeInvis .     - Unarmed
rCold    + + +     Faith    .   (shield currently unavailable)
rNeg     . . .     Spirit   .   (armour currently unavailable)
rPois    ∞         Reflect  .   (helmet currently unavailable)
rElec    .         Harm     .   (cloak currently unavailable)
rCorr    .         Rampage  .   (gloves currently unavailable)
Will     +....                  (boots unavailable)
Stlth    +.........             (no amulet)
HPRegen  0.24/turn              i - +4 ring of evasion
MPRegen  0.00/turn              o - +4 ring of evasion

@: ice-form, flying, hasted, very quick
A: freezing attack, flying, boosted hp, sickness immunity, large, (fire
resistance 2), (cold vulnerability 1), float, innate caster, hp casting, extra
vitality 1
a: End Transformation, Renounce Religion


You were on level 8 of the Dungeon.
You worshipped Makhleb.
Makhleb was aware of your devotion.
You were a creature of crystalline ice.
You visited 2 branches of the dungeon, and saw 9 of its levels.
You also visited: Ossuary.

You collected 435 gold pieces.

Inventory:

Armour
 g - a +0 cloak (melded)
 x - a +0 troll leather armour (melded)
Jewellery
 i - a +4 ring of evasion (left front paw)
 o - a +4 ring of evasion (right front paw)
Wands
 l - a wand of iceblast (9)
 v - a wand of paralysis (5)
Scrolls
 b - 2 scrolls of magic mapping
 c - a scroll of enchant weapon {unknown}
 f - a scroll of fear
 n - a scroll of acquirement {unknown}
 q - a scroll of enchant armour {unknown}
 r - 4 scrolls of teleportation
 t - a scroll of amnesia {unknown}
 u - a scroll of torment {unknown}
Potions
 a - a potion of resistance {unknown}
 d - a potion of might {unknown}
 e - 2 potions of cancellation {unknown}
 h - 3 potions of curing
 j - 3 potions of haste
 k - 2 potions of heal wounds {unknown}
 m - 4 potions of lignification
 p - 2 potions of brilliance {unknown}
 s - a potion of magic {unknown}


   Skills:
 - Level 6.0 Fighting
 + Level 9.4 Dodging
 - Level 6.0 Unarmed Combat
 * Level 7.0 Spellcasting
 - Level 3.0 Invocations


You had 5 spell levels left.
You knew the following spells:

 Your Spells              Type           Power      Damage    Failure   Level
a - Beastly Appendage     Tmut           56%        N/A       1%          1
b - Wereblood             Tmut           28%        N/A       1%          2
c - Spider Form           Tmut/Pois      14%        N/A       1%          3
d - Ice Form              Ice/Tmut       28%        N/A       7%          4
e - Magic Dart            Conj           100%       1d8       1%          1
f - Static Discharge      Conj/Air       28%        N/A       1%          2
g - Ensorcelled Hibernat  Hex/Ice        56%        N/A       1%          2
h - Stone Arrow           Conj/Erth      56%        3d10      1%          3
Your spell library was empty.

Dungeon Overview and Level Annotations

Branches:
Dungeon (8/15)             Temple (1/1) D:6         Ossuary (visited)
   Lair: D:8-11

Altars:
Ashenzari
Cheibriados
Dithmenos
Elyvilon
Fedhas
Gozag
Hepliaklqana
Kikubaaqudgha
Makhleb
Nemelex Xobeh
Okawaru
Qazlal
Ru
Trog
Yredelemnul
Zin
The Shining One


Innate Abilities, Weirdness & Mutations

You are a creature of crystalline ice.
You have a powerful freezing melee attack.
You are flying.
Your maximum health is increased.
Your armour is entirely melded.
You are incapable of wielding weapons or throwing items.
You are immune to sickness and miasma.
You are immune to poison.
((Your flesh is very heat resistant. (rF++)))
((You are vulnerable to cold. (rC-)))
You float through the air rather than walking.
You learn spells naturally, not from books.
Your magical power is your life essence.
You have superior vitality. (+4 HP)


Message History

An orc comes into view.
It is wielding a +3 hand axe and carrying a wand of iceblast (10).
Training target 3.0 for Invocations reached!
Your Invocations skill increases to level 3!
You punch the centaur! You freeze the centaur.
The centaur is severely wounded.
The centaur closely misses you. x2
The centaur hits you but does no damage.
The centaur kicks you but does no damage.
You punch the centaur! You freeze the centaur.
You kill the centaur!
Makhleb accepts your kill.
Your Spellcasting skill increases to level 7!
The orc suddenly roars.
The orc zaps a wand.
The mass of ice explodes!
The iceblast engulfs you! You partially resist.
The iceblast engulfs the orc!
The orc dies!
A steam dragon comes into view.
A gargoyle comes into view. It is wielding a +0 flail.
You hear a shout!
Things that are here:
5 large rocks; a cyclops corpse
l - a wand of iceblast (9)
You now have 435 gold pieces (gained 14).
Things that are here:
a +3 hand axe; an orc corpse A centaur comes into view.
Things that are here:
5 large rocks; a cyclops corpse The steam dragon breathes steam at you.
The ball of steam hits you!! The steam scalds you terribly!
* * * LOW HITPOINT WARNING * * *
The centaur wields a +0 shortbow.
The centaur shoots an arrow.
The arrow misses you.
The centaur shoots an arrow.
The arrow barely misses you. The steam dragon breathes steam at you.
The ball of steam misses you.
Okay, then.
Okay, then.
You feel yourself speed up.
You are engulfed in a cloud of scalding steam.
You die...

.c... .... #...## #..#
#....## #..#
#.....###..## ..#...##...
..## #?###.#§§§.##.#
#..##
#J....#.)§.§#.#####...##
# #.....#D........#...##
# #$###.#§...###.###...#
#.
#.....#.§...###.#...#.#.#
#....Y#...###[...##.#
#.###.#........†....## #.
(.#....###........ ..
......### #..######
.......... .....######
#..##...# ####....... #.#
### ######## #. #


You could see a steam dragon.

Vanquished Creatures
  A two-headed ogre (D:5)
  A cyclops (D:8)
  Joseph (D:7)
  A troll (D:8)
  Prince Ribbit (D:6)
  Sigmund (D:4)
  A wyvern (D:8)
  A vampire mosquito (D:5)
  An acid dragon (D:7)
  Duvessa (D:4)
  3 sky beasts
  An orc warrior (D:8)
  3 centaurs
  A phantom (D:5)
  2 bullfrogs
  Dowan (D:4)
  5 scorpions
  A killer bee (D:8)
  2 centaur zombies (Ossuary)
  3 human zombies (Ossuary)
  3 jellies
  5 hounds
  2 orc priests
  2 bullfrog skeletons (D:5)
  A scorpion zombie (D:5)
  An iguana (D:5)
  3 orc wizards
  5 mummies (Ossuary)
  8 adders
  A shadow imp (D:7)
  2 adder skeletons
  3 dart slugs
  17 orcs
  10 ball pythons
  9 endoplasms
  3 giant cockroaches
  10 goblins
  5 hobgoblins
  3 jackals
  4 kobolds
  5 quokkas
  3 bats
  5 frilled lizards
  A gnoll zombie (Ossuary)
  2 kobold zombies (Ossuary)
  6 rats
151 creatures vanquished.

Vanquished Creatures (others)
  An orc (D:8)
1 creature vanquished.

Grand Total: 152 creatures vanquished

Notes
Turn   | Place    | Note
-------+----------+-------------------------------------------
     0 | D:1      | om the Djinni Transmuter began the quest for the Orb.
     0 | D:1      | Reached XP level 1. HP: 17/17 MP: 0/0
   362 | D:1      | Reached XP level 2. HP: 15/22 MP: 0/0
   904 | D:1      | Reached XP level 3. HP: 16/27 MP: 0/0
   904 | D:1      | Learned a level 1 spell: Magic Dart
  1374 | D:1      | Found a faded altar of an unknown god.
  1915 | D:2      | Reached XP level 4. HP: 29/33 MP: 0/0
  2458 | D:3      | Reached skill level 3 in Dodging
  3102 | D:3      | Reached XP level 5. HP: 37/39 MP: 0/0
  3102 | D:3      | Learned a level 2 spell: Static Discharge
  3792 | D:4      | Reached XP level 6. HP: 19/45 MP: 0/0
  4335 | D:4      | Noticed Duvessa
  4335 | D:4      | Noticed Dowan
  4349 | D:4      | Noticed Sigmund
  4384 | D:4      | Killed Sigmund
  4385 | D:4      | Reached skill level 4 in Dodging
  4385 | D:4      | Reached XP level 7. HP: 39/50 MP: 0/0
  4385 | D:4      | Learned a level 2 spell: Ensorcelled Hibernation
  4910 | D:4      | Killed Duvessa
  5203 | D:4      | Killed Dowan
  5430 | D:5      | Entered Level 5 of the Dungeon
  5567 | D:5      | Reached skill level 5 in Unarmed Combat
  5614 | D:5      | Found a hazy altar of Hepliaklqana.
  5669 | D:5      | Reached skill level 5 in Dodging
  5669 | D:5      | Reached XP level 8. HP: 40/58 MP: 0/0
  7158 | D:5      | Noticed a two-headed ogre
  7675 | D:5      | Reached skill level 5 in Fighting
  7687 | D:5      | Reached skill level 6 in Dodging
  7697 | D:5      | Reached XP level 9. HP: 49/65 MP: 0/0
  7697 | D:5      | Learned a level 3 spell: Stone Arrow
  7799 | D:5      | Killed a two-headed ogre
  7800 | D:5      | Reached skill level 7 in Dodging
  8204 | D:6      | Found a staircase to the Ecumenical Temple.
  8209 | Temple   | Entered the Ecumenical Temple
  8235 | Temple   | Became a worshipper of Makhleb the Destroyer
  8338 | D:6      | Found a sand-covered staircase.
  8352 | Ossuary  | Entered an ossuary
  8516 | Ossuary  | Reached skill level 5 in Spellcasting
  8939 | D:6      | Reached skill level 8 in Dodging
  8941 | D:6      | Reached * piety under Makhleb
  9114 | D:6      | Noticed Prince Ribbit
  9124 | D:6      | Killed Prince Ribbit
  9246 | D:7      | Reached XP level 10. HP: 67/72 MP: 0/0
  9805 | D:7      | Noticed Joseph
  9827 | D:7      | Killed Joseph
  9828 | D:7      | Reached skill level 9 in Dodging
  9828 | D:7      | Reached skill level 1 in Invocations
 10794 | D:8      | Noticed a cyclops
 10819 | D:8      | Killed a cyclops
 10822 | D:8      | Noticed a gargoyle
 10831 | D:8      | Engulfed by a steam dragon's steam

Illustrated notes

Levels and vault maps discovered:
D:1:      lightli_arrival_flooded_house, layout_loops_ring,
          chequers_ecumenical_altar_lobes, minmay_pentomino_w2
D:2:      layout_rooms, nrook_uturn
D:3:      layout_basic, hangedman_abyss_or_decor_lesser_grid, solitary_fountain,
          saegor_snake_ambush
D:4:      layout_rooms, uniq_duvessa, uniq_sigmund
D:5:      cheibrodos_fzero, layout_cave_pools, nicolae_hepliaklqana_hazy_memory
D:6:      layout_basic, minmay_temple_entry_nine_rooms, enter_ossuary_3,
          uniq_prince_ribbit1
D:7:      layout_basic, uniq_joseph
D:8:      hangedman_cross_stitches, layout_loops_ring, roderic_lattice_a,
          minmay_diamond_spiral, uniq_pikel, uniq_erica
Temple:   grunt_wide_crystal_templ

Skill      XL: |  1  2  3  4  5  6  7  8  9 10 |
---------------+-------------------------------+-----
Spellcasting   | 2 3 4 5 7 |  7.0
Fighting       | 2 3 4 5 6 |  6.0
Dodging        | 3 4 5 6 8 9 |  9.4
Unarmed Combat | 4 5 6 |  6.0
Invocations    | 3 |  3.0

Action                   |  1- 3 |  4- 6 |  7- 9 | 10-12 || total
-------------------------+-------+-------+-------+-------++-------
Melee: Unarmed           |    94 |   183 |   256 |    87 ||   620
       Headbutt          |    12 |    12 |    17 |       ||    41
       Punch             |     1 |     4 |       |       ||     5
 Cast: Beastly Appendage |    23 |    26 |     9 |       ||    58
       Magic Dart        |       |     1 |       |       ||     1
       Static Discharge  |       |     1 |       |       ||     1
       Spider Form       |       |     1 |    18 |     6 ||    25
       Ensorcelled Hiber |       |       |     3 |       ||     3
       Ice Form          |       |       |     5 |     4 ||     9
       Stone Arrow       |       |       |     1 |       ||     1
  Use: Scroll            |       |     5 |     4 |     1 ||    10
       Potion            |       |       |       |     2 ||     2
 Stab: Sleeping          |     1 |     2 |     2 |       ||     5
Armor: Robe              |    16 |    28 |    17 |       ||    61
       Skin              |       |       |     6 |     5 ||    11
Dodge: Dodged            |    61 |   106 |   230 |    85 ||   482
